FIQ, neutral male gnomish Wizard --------- ------- -------- ------- |.......| #..?%%*| |......|# |......### |.......| #|.%!?!| |......|# ------------ |.....| |.......-# @ .(!?%| ---|----# |..........| |.....| #+.......|# # !!??| # # |....>.....| |..<...######-----|---# V "!/?| # # #...........| |.....| # # & =?)| # # ###|..........+ -|----- ### # # ---- # # # |..........| ### # # ### # # # ### --.---|----- # ### # # # # # # ########% ### # ### # # #### % ###############%############## # # # # ## ### # -.------|-.--- ### # --------.- ### # # |............| # # ------# |........| ## -.---.------ |.............### ##..#{.|# |.........######|..........| |............|## |....|# |........| #...........| |............|######..^...# |........| |...>......| |............-# |....| ---------- ------------ -------------- ------ FIQ the Evoker Experience level: 1 Strength: 9 Dexterity: 10 Constitution: 12 Intelligence: 19 Wisdom: 11 Charisma: 13 Health: 0(11) Energy: 2(7) Def: 1 Gold: 0 Moves: 1841 Dungeon seed: l4zdXivoC8hunQ9e Game ID: FIQ_1469379758 Your Inventory: Weapons a - a blessed +1 quarterstaff (weapon in hands) Armor e - an uncursed +0 cloak of magic resistance (being worn) Comestibles t - an uncursed fortune cookie Scrolls i - 2 uncursed scrolls of remove curse j - an uncursed scroll of identify k - an uncursed scroll of destroy armor s - a cursed scroll of destroy armor v - an uncursed scroll of gold detection Potions f - an uncursed potion of speed g - an uncursed potion of paralysis h - an uncursed potion of confusion B - a cursed potion of sickness Rings c - an uncursed ring of teleportation d - an uncursed ring of shock resistance Wands b - a wand of polymorph (0:4) C - a wand of striking (0:6) Tools l - an uncursed oil lamp (0:1313) n - a magic marker (0:58) Spells and supernatural/magical abilities: Name Level Category Fail Memory a - force bolt 1 attack 0% 91% h - healing 1 healing 0% 91% K - cure sickness 3 healing 85% 92% T - turn undead 6 clerical 100% 92% W - pray for help -- divine ? -- Your skills at the end: Fighting Skills wands [Basic] Weapon Skills quarterstaff [Basic] Spellcasting Skills attack spells [Basic] enchantment spells [Basic] Final Attributes: You were stridently aligned. You were magic-protected. You had infravision. You are dead. Vanquished creatures: a black pudding a shrieker 2 coyotes a hobbit 3 giant rats a green mold a gnome zombie 2 geckos 7 jackals a fox 5 kobolds 2 goblins a sewer rat 2 grid bugs 2 bats 2 lichens 5 newts 39 creatures vanquished. Voluntary challenges: You were an atheist. You used a wielded weapon 4 times, starting on turn 37. You read items or engraved 57 times, starting on turn 25. You never genocided any monsters. You polymorphed 6 items, starting on turn 22. You never changed form. You used no wishes. You never split a pudding. You never wrote Elbereth's name. You never violated your personal moral code. Dungeon overview: The Dungeons of Doom: levels 1 to 4 Level 1 some fountains a long staircase Level 2 Level 3 Level 4 <- You were here a general store, a fountain, a sink a long staircase History has recorded: On T:1 you entered the Dungeons of Doom to retrieve the Amulet of Yendor! On T:500 you reached level 2 of The Dungeons of Doom. On T:972 you reached level 3 of The Dungeons of Doom. On T:1371 you reached level 4 of The Dungeons of Doom. Score breakdown: Gold: 0 ( 0 points) Experience: 1 level ( 0 points) Exploration: 4 levels ( 8.51%) ( 7661 points) Discoveries: 5 items ( 1.72%) ( 3939 points) Valuables value: (no points given unless you survive) Artifact value: 0 ( 0 points) Variety of kills: 17 monsters ( 4.44%) ( 6320 points) Turncount: 1841 turns ( 0 points) Survival: died (score multiplied by 80%) Total score: 14336 Latest messages: The kobold is killed! You displace your vampire lord. Wizard needs food, badly! The door resists! The door closes. You see a door open. The door resists! You displace your vampire lord. The door closes. The door crashes open! "How dare you destroy my door?" Angmagssalik zaps a wand of striking! Boing! Angmagssalik hits! (2x) You die... Angmagssalik takes all your possessions. Final status: Goodbye FIQ the Wizard, killed by a Mr. Angmagssalik, the shopkeeper... You died in The Dungeons of Doom on dungeon level 4 with 14336 points, and 0 pieces of gold, after 1841 moves. You were level 1 with a maximum of 11 hit points when you died.